 Seeded DCSS version 0.28-a0-1567-g1695149f81 (webtiles) character file.

Game seed: 56 (custom seed)

137 knot the Chopper (level 5, 37/41 HPs)
             Began as a Demonspawn Berserker on Jan 20, 2022.
             Was a Believer of Trog.
             Quit the game on level 3 of the Dungeon.
             The game lasted 00:01:50 (3027 turns).

knot the Chopper (Demonspawn Berserker)             Turns: 3027, Time: 00:01:50

Health: 37/41      AC: 17    Str: 18    XL:     5   Next: 0%
Magic:  5/5        EV:  1    Int: 10    God:    Trog [**....]
Gold:   84         SH:  0    Dex: 12    Spells: 4/4 levels left

rFire   . . .      SeeInvis .   a - +0 hand axe
rCold   . . .      Faith    .   (no shield)
rNeg    . . .      Spirit   .   f - +0 crystal plate armour
rPois   .          Reflect  .   (no helmet)
rElec   .          Harm     .   (no cloak)
rCorr   .          Rampage  .   (no gloves)
Will    +....                   (no boots)
Stlth   ..........              (no amulet)
HPRegen 0.13/turn               g - ring of willpower
MPRegen 0.09/turn               (no ring)

@: no status effects
A: slimy green scales 1, ignite blood 1
a: Renounce Religion, Berserk, Trog's Hand


You were on level 3 of the Dungeon.
You worshipped Trog.
Trog was pleased with you.
You visited 1 branch of the dungeon, and saw 3 of its levels.

You collected 84 gold pieces.

Inventory:

Hand Weapons
 a - a +0 hand axe (weapon)
Missiles
 e - 97 stones (quivered)
 h - 11 poisoned darts
 m - 17 sling bullets
Armour
 f - a +0 crystal plate armour (worn)
Jewellery
 g - a ring of willpower (left hand)
Wands
 l - a wand of mindburst (11)
Scrolls
 b - 4 scrolls of fog {unknown}
 d - a scroll of enchant armour {unknown}
 i - a scroll of fear {unknown}
 n - a scroll of identify {unknown}
 o - a scroll of vulnerability {unknown}
Potions
 c - a potion of curing {unknown}
 j - a potion of magic {unknown}
 k - a potion of brilliance {unknown}
 p - a potion of ambrosia {unknown}
 q - a potion of degeneration {unknown}


   Skills:
 - Level 3.0 Fighting
 + Level 5.2 Axes
 - Level 1.7 Armour
 - Level 1.7 Dodging


You had 4 spell levels left.
You didn't know any spells.
Your spell library was empty.

Dungeon Overview and Level Annotations

Branches:
Dungeon (3/15)

Altars:


Innate Abilities, Weirdness & Mutations

You are partially covered in slimy green scales. (AC +2)
Your demonic aura sometimes causes spilled blood to erupt in flames.


Message History

The jackal bites you but does no damage. x2
There are monsters nearby!
You slash the jackal!
You kill the jackal!
Trog accepts your kill.
You barely miss the jackal. The jackal bites you.
The jackal bites you but does no damage.
You hit the jackal but do no damage.
The jackal bites you but does no damage. x2
You hit the jackal.
The jackal is moderately wounded.
You hit the jackal. The jackal bites you.
The jackal bites you but does no damage. x2
You closely miss the jackal.
The jackal is heavily wounded.
You hit the jackal.
You kill the jackal!
Trog accepts your kill.
The jackal bites you but does no damage.
You have reached level 5!
Your demonic ancestry asserts itself...
Your blood heats up.
You barely miss the jackal.
The jackal is heavily wounded.
The jackal bites you.
The jackal bites you but does no damage.
You closely miss the jackal.
The jackal is heavily wounded.
The jackal bites you but does no damage.
You hit the jackal.
The jackal is severely wounded.
The jackal bites you but does no damage. x2
You hit the jackal but do no damage.
The jackal is severely wounded.
The jackal bites you but does no damage.
You barely miss the jackal.
The jackal is severely wounded.
The jackal completely misses you.
The jackal bites you but does no damage.
Are you sure you want to abandon this character and quit the game? (Confirm with "yes".)

..#.#..####
.###.#..# #?# # #..#
#.# #..# #.# #..#
#.# #..# ?.######.#
#..####
....[.†..###.#.....#
#....h@.....#.###.#
...#####.#####)###.#
#.# #..##.# #.#
##.##.# #8.####.###
#.##.# +.........#
#.##.# #8..###.#.#
#.##.# .. #.#.#
#.##.# ..#.# #.#


You could see a jackal.

Vanquished Creatures
  Crazy Yiuf (D:2)
  An orc wizard (D:3)
  4 adders
  3 dart slugs (D:1)
  2 orcs (D:3)
  3 ball pythons (D:1)
  2 bats
  4 endoplasms (D:1)
  3 hobgoblins
  2 jackals (D:3)
  3 quokkas (D:1)
  A frilled lizard (D:1)
  3 goblins (D:1)
  4 kobolds (D:1)
  5 rats
41 creatures vanquished.

Notes
Turn   | Place    | Note
-------+----------+-------------------------------------------
     0 | D:1      | knot the Demonspawn Berserker began the quest for the Orb.
     0 | D:1      | Reached XP level 1. HP: 18/18 MP: 1/1
    35 | D:1      | Reached skill level 3 in Axes
   265 | D:1      | Gained mutation: You are partially covered in slimy green
                  | scales. (AC +2) [demonic ancestry]
   265 | D:1      | Reached XP level 2. HP: 22/24 MP: 2/2
   756 | D:1      | Reached XP level 3. HP: 29/29 MP: 3/3
  1102 | D:1      | Reached ** piety under Trog
  1446 | D:2      | Reached skill level 4 in Axes
  2091 | D:2      | Found a runed translucent door.
  2092 | D:2      | Noticed Crazy Yiuf
  2102 | D:2      | Killed Crazy Yiuf
  2103 | D:2      | Reached XP level 4. HP: 16/35 MP: 4/4
  2785 | D:3      | Reached skill level 5 in Axes
  3022 | D:3      | Gained mutation: Your demonic aura sometimes causes spilled
                  | blood to erupt in flames. [demonic ancestry]
  3022 | D:3      | Reached XP level 5. HP: 39/41 MP: 5/5
  3027 | D:3      | Quit the game

Illustrated notes

Levels and vault maps discovered:
D:1:      psy_arrival_statuary, layout_loops_cross, minmay_tiny_reverse_x
D:2:      layout_basic, uniq_crazy_yiuf_cottage
D:3:      layout_loops_ring, dreamdust_ecumenical_altar_angels_and_demons

Skill      XL: |  1  2  3  4 |
---------------+-------------+-----
Axes           | 3 4 5 |  5.2
Fighting       | |  3.0
Armour         | |  1.7
Dodging        | |  1.7

Action                   |  1- 3 |  4- 6 || total
-------------------------+-------+-------++-------
Melee: Hand axe          |    97 |    45 ||   142
Invok: Berserk           |     3 |     1 ||     4
Armor: Animal skin       |     3 |       ||     3
       Crystal plate arm |    63 |    38 ||   101
Dodge: Dodged            |    15 |     6 ||    21

Table legend: (Time is in decaauts)
 A = Elapsed time spent in this place.
 B = Non-inter-level travel time spent in this place.
 C = Inter-level travel time spent in this place.
 D = Time resting spent in this place.
 E = Time spent auto-exploring this place.
 F = Levels seen in this place.
 G = Mean time per level.
                   A        B        C        D        E       F      G
               +--------+--------+--------+--------+--------+-----+--------+
         Total |   3079 |   3037 |     42 |   1060 |   1663 |   3 | 1026.3 |
       Dungeon |   3079 |   3037 |     42 |   1060 |   1663 |   3 | 1026.3 |
               +--------+--------+--------+--------+--------+-----+--------+

Top non-repeatable levels by time:
     D:2: 1468 daAuts
     D:1: 1259 daAuts
     D:3: 351 daAuts
